[Event "Titled Tuesday Blitz December 13 Early 2022"]
[White "Kim, Sergey"]
[Black "Pein, Jonathan"]
[WhiteFideId "13700570"]
[BlackFideId "417092"]
[WhiteElo "2588"]
[BlackElo "2225"]
[Result "0-1"]
[Round "09"]
[TimeControl "180+1"]
[Date "2022.12.14"]
[WhiteClock "0:00:09"]
[BlackClock "0:00:16"]

1. d4 Nf6 2. c4 g6 3. Nc3 Bg7 4. e4 O-O 5. Nge2 d6 6. Ng3 Nc6 7. d5 Ne5 8. Be2 c6 9. O-O cxd5 10. cxd5 h5 11. Bg5 Nh7 12. Be3 h4 13. Nh1 h3 14. g3 Nf6 15. f3 Bd7 16. Nf2 Rc8 17. Bd4 Qa5 18. Rc1 b5 19. a3 b4 20. axb4 Qxb4 21. b3 Nh5 22. Kh1 Nxf3 23. Bxg7 Nxg7 24. Nd3 Qd4 25. Rxf3 Rxc3 26. Rxc3 Qxc3 27. Nf4 Qe5 28. Qd3 g5 29. Rf1 gxf4 30. gxf4 Qf6 31. Qg3 Rc8 32. f5 Rc2 33. Bf3 Qh6 34. Rg1 f6 35. Bg4 Bb5 36. Bxh3 Re2 37. Bg2 Re3 38. Qg4 Be2 39. Qg6 Qxg6 40. fxg6 Bf3 41. Rc1 Bxg2+ 42. Kxg2 Nh5 43. Rc7 Rxe4 44. Rxa7 Kg7 45. Rb7 Re5 46. b4 Nf4+ 47. Kf3 Nxd5 48. b5 Re3+ 49. Kf2 Rb3 50. h4 Kxg6 51. Rb8 Kh5 52. Ke2 Kxh4 53. Kd2 Kg5 54. Kc2 Rb4 55. Kd3 Kf5 56. Rb7 Ke6 57. Rb8 f5 58. Rb7 f4 59. Ke2 Ke5 60. Kf3 Rb3+ 61. Kg4 e6 62. Rb8 Ne3+ 63. Kf3 Nf5+ 64. Kg4 Nd4 65. b6 f3 66. b7 f2 67. Rf8 Nf5 68. b8=Q Rxb8 69. Rxb8 f1=Q 70. Rb5+ Qxb5 0-1


[Site "https://www.chess.com"]

[Event "Titled Tuesday Blitz December 13 Early 2022"]
[White "Kleiman, Jake"]
[Black "Wagner, Dennis"]
[WhiteFideId "2020041"]
[BlackFideId "24650684"]
[WhiteElo "2580"]
[BlackElo "2470"]
[Result "1-0"]
[Round "09"]
[TimeControl "180+1"]
[Date "2022.12.14"]
[WhiteClock "0:00:58"]
[BlackClock "0:00:01"]

1. e4 c5 2. c3 d5 3. exd5 Qxd5 4. d4 Nc6 5. Nf3 Bg4 6. dxc5 Qxd1+ 7. Kxd1 e5 8. Be3 O-O-O+ 9. Nd2 Nge7 10. Kc1 Nd5 11. Nb3 Nxe3 12. fxe3 Be7 13. e4 Be6 14. Kc2 f5 15. Bd3 f4 16. Bb5 Bf6 17. h4 a6 18. Be2 Be7 19. Ng5 Bg8 20. Bg4+ Kc7 21. Ne6+ Bxe6 22. Bxe6 Rhf8 23. Rh3 Rf6 24. Bd5 Rg6 25. Rg1 Rg4 26. h5 Rf8 27. Be6 Rg5 28. Bf5 g6 29. hxg6 hxg6 30. Be6 Rf6 31. Bd5 Rh5 32. Rgh1 Rhf5 33. exf5 gxf5 34. Rh7 Rg6 35. Bxc6 Kxc6 36. Rxe7 Rxg2+ 37. Nd2 e4 38. Rh6+ Kxc5 39. Rc7+ Kd5 40. Kd1 f3 41. Rf7 Rg1+ 42. Kc2 Ke5 43. Rh5 Rg2 44. Rfxf5+ Ke6 45. Re5+ Kf6 46. Rxe4 f2 47. Rf4+ Kg6 48. Rhf5 b5 49. Rxf2 Rg1 50. Ne4 b4 51. cxb4 a5 52. bxa5 Rh1 53. Rg5+ Kh7 54. a6 Rh6 55. Rf6 Rxf6 56. Nxf6+ Kh8 57. Rg8# 1-0


[Site "https://www.chess.com"]

[Event "Titled Tuesday Blitz December 13 Early 2022"]
[White "Kosteniuk, Alexandra"]
[Black "Martinez Ramirez, Lennis"]
[WhiteFideId "4128125"]
[BlackFideId "3509079"]
[WhiteElo "2753"]
[BlackElo "2610"]
[Result "1-0"]
[Round "09"]
[TimeControl "180+1"]
[Date "2022.12.14"]
[WhiteClock "0:00:11"]
[BlackClock "0:00:02"]

1. e4 c5 2. c3 Nc6 3. Nf3 e6 4. d4 d5 5. e5 Qb6 6. Be2 cxd4 7. cxd4 Bd7 8. O-O Nh6 9. Bxh6 gxh6 10. Nc3 Bg7 11. Rb1 O-O 12. Qd2 f6 13. exf6 Rxf6 14. b4 Raf8 15. b5 Ne7 16. Ne5 Be8 17. Na4 Qd6 18. g3 h5 19. Qb4 Qd8 20. Nc5 b6 21. Nb7 Qc7 22. Nd6 Bg6 23. Rbc1 Qb8 24. Nd7 Qd8 25. Nxf6+ Bxf6 26. Rfe1 Kg7 27. Bf1 Nf5 28. Nxf5+ Bxf5 29. h4 Bxh4 30. gxh4 Qxh4 31. Qd6 Rf6 32. Bg2 Rg6 33. Rc7+ Kh6 34. Qf8+ Kg5 35. Qd8+ Rf6 36. Rg7+ Bg6 37. Re2 Qxd4 38. Qd6 h4 39. Qe5+ Qxe5 40. Rxe5+ Kf4 41. Re1 Bf5 42. Kh2 e5 43. Bh3 Bg6 44. Rxa7 e4 45. Re7 d4 46. Re6 Rxe6 47. Bxe6 Kf3 48. Bd5 d3 49. Re3+ Kxf2 50. Rxe4 Bxe4 51. Bxe4 d2 52. Bc2 Ke3 53. a4 Kd4 54. Kh3 Kc3 55. Bd1 Kb2 56. a5 Kc1 57. Ba4 bxa5 58. b6 d1=Q 59. Bxd1 Kxd1 60. b7 a4 61. b8=Q Kc2 62. Qh8 Kb3 63. Qa1 a3 64. Kxh4 Kc2 65. Kh5 Kb3 66. Kh6 a2 67. Kxh7 Ka3 68. Kg6 Kb3 69. Kf5 Kc2 70. Qxa2+ Kd3 71. Qe6 Kd4 72. Qe2 Kc3 73. Qd1 Kc4 74. Qd2 Kc5 75. Qd3 Kc6 76. Qd4 Kb5 77. Qc3 Ka4 78. Qb2 Ka5 79. Ke5 Ka4 80. Kd5 Ka5 81. Kc5 Ka6 82. Qb6# 1-0


[Site "https://www.chess.com"]

[Event "Titled Tuesday Blitz December 13 Early 2022"]
[White "Kostiukov, Alexandr"]
[Black "Miszler, Levente"]
[WhiteFideId "14108100"]
[BlackFideId "763276"]
[WhiteElo "2202"]
[BlackElo "2176"]
[Result "1-0"]
[Round "09"]
[TimeControl "180+1"]
[Date "2022.12.14"]
[WhiteClock "0:01:56"]
[BlackClock "0:01:37"]

1. g3 c6 2. Bg2 d5 3. d3 g6 4. e4 Bg7 5. Qe2 e5 6. Nf3 Qe7 7. O-O Nd7 8. exd5 cxd5 9. Nc3 Ngf6 10. Re1 O-O 11. Nxe5 Nxe5 12. Qxe5 Qxe5 13. Rxe5 Ne4 14. Rxd5 Nxc3 15. bxc3 Bxc3 16. Rb1 Be6 17. Rc5 Bxa2 18. Rxb7 Bd4 19. Rcc7 Rab8 20. Bh6 Rfe8 21. Be4 f5 22. Bc6 Re2 23. Rxb8+ 1-0


[Site "https://www.chess.com"]

[Event "Titled Tuesday Blitz December 13 Early 2022"]
[White "Kriti Mayur Patel"]
[Black "Jakubowska, Anna"]
[WhiteFideId "35061780"]
[BlackFideId "1121952"]
[WhiteElo "1306"]
[BlackElo "2001"]
[Result "1-0"]
[Round "09"]
[TimeControl "180+1"]
[Date "2022.12.14"]
[WhiteClock "0:00:27"]
[BlackClock "0:01:06"]

1. e4 c5 2. d4 cxd4 3. c3 dxc3 4. Nxc3 d6 5. Nf3 Nc6 6. Bc4 Nf6 7. e5 dxe5 8. Qxd8+ Nxd8 9. Nb5 Rb8 10. Nxe5 Ne6 11. Be3 a6 12. Ba7 axb5 13. Bxb5+ Bd7 14. Nxd7 Nxd7 15. Bxb8 Nd4 16. Bxd7+ Kxd7 17. Rd1 Kc8 18. Rxd4 Kxb8 19. Rd8+ Kc7 20. Ra8 g6 21. O-O Bg7 22. Rc1+ Kb6 23. Rxh8 Bxh8 24. b3 Be5 25. Rc8 Kb5 26. Rf8 f6 27. Rf7 Bd6 28. Rxh7 Kb4 29. Rg7 g5 30. Rg8 Kc3 31. g3 Kb2 32. Ra8 Ba3 33. h4 gxh4 34. gxh4 Kxa2 35. Rxa3+ Kxa3 36. h5 Kxb3 37. h6 b5 38. h7 b4 39. h8=Q Ka2 40. Qa8+ Kb2 41. Kf1 b3 42. Ke2 Kc1 43. Qc6+ Kb1 44. Qe4+ Ka1 45. Qa4+ Kb2 46. Kd2 e5 47. Qb4 f5 48. Qc3+ Ka2 49. Kc1 Ka3 50. Qxe5 Ka4 51. Qxf5 1-0


[Site "https://www.chess.com"]

[Event "Titled Tuesday Blitz December 13 Early 2022"]
[White "Kulkarni, Vikramaditya"]
[Black "Osiecki, Stanislaw"]
[WhiteFideId "5009847"]
[BlackFideId "1102990"]
[WhiteElo "2273"]
[BlackElo "2088"]
[Result "1-0"]
[Round "09"]
[TimeControl "180+1"]
[Date "2022.12.14"]
[WhiteClock "0:01:56"]
[BlackClock "0:00:02"]

1. c4 Nf6 2. Nc3 g6 3. e4 d6 4. d4 Bg7 5. Nf3 O-O 6. h3 e5 7. dxe5 dxe5 8. Qxd8 Rxd8 9. Nd5 Nxd5 10. cxd5 c6 11. Bc4 b5 12. Bb3 Bb7 13. Bg5 Re8 14. Rc1 cxd5 15. Rc7 Bc6 16. exd5 Bd7 17. O-O e4 18. Re1 f5 19. d6+ Kh8 20. Bd5 Na6 21. Rxd7 exf3 22. Bxa8 Rxe1+ 23. Kh2 h6 24. Rxg7 Kxg7 25. d7 Rd1 26. d8=Q Rxd8 27. Bxd8 Nb4 28. Bxf3 Nxa2 29. Ba5 Kf6 30. Bd2 1-0


[Site "https://www.chess.com"]

[Event "Titled Tuesday Blitz December 13 Early 2022"]
[White "Lamaze, Simon"]
[Black "Kamsky, Gata"]
[WhiteFideId "36069264"]
[BlackFideId "2000024"]
[WhiteElo "2272"]
[BlackElo "2666"]
[Result "0-1"]
[Round "09"]
[TimeControl "180+1"]
[Date "2022.12.13"]
[WhiteClock "0:00:19"]
[BlackClock "0:01:24"]

1. e4 g6 2. d4 Bg7 3. c4 d6 4. Nc3 Nf6 5. Be2 e5 6. d5 Na6 7. Be3 Nc5 8. Qc2 a5 9. h3 O-O 10. g4 c6 11. Nf3 cxd5 12. cxd5 Bd7 13. Nd2 a4 14. Rc1 Rc8 15. g5 Nh5 16. Bxh5 gxh5 17. h4 f5 18. f3 b5 19. a3 fxe4 20. fxe4 Bg4 21. Rf1 Qd7 22. Bxc5 dxc5 23. Qd3 c4 24. Qe3 Rxf1+ 25. Nxf1 Bf8 26. Qg3 Bc5 27. Ne3 Rf8 28. Rc2 Rf3 29. Qxf3 Bxf3 30. Nf5 Bg4 31. Nh6+ Kg7 32. Ne2 Bxe2 33. Rxe2 Qh3 34. Nf5+ Kf7 35. d6 Ke6 36. Rd2 Qh1+ 0-1


[Site "https://www.chess.com"]

[Event "Titled Tuesday Blitz December 13 Early 2022"]
[White "Lauridsen, Jesper Morch"]
[Black "Rosenberg, Evan S"]
[WhiteFideId "1401890"]
[BlackFideId "2019299"]
[WhiteElo "2291"]
[BlackElo "2416"]
[Result "0-1"]
[Round "09"]
[TimeControl "180+1"]
[Date "2022.12.14"]
[WhiteClock "0:00:01"]
[BlackClock "0:00:04"]

1. e4 e5 2. d4 exd4 3. Qxd4 Nc6 4. Qe3 Nf6 5. Nc3 Bb4 6. Bd2 O-O 7. O-O-O Re8 8. Qf4 Bxc3 9. Bxc3 Nxe4 10. Be1 Qg5 11. Qxg5 Nxg5 12. f3 d6 13. Bb5 Bd7 14. h4 Ne6 15. h5 h6 16. Ne2 a6 17. Ba4 Nc5 18. Bxc6 Rxe2 19. Bxd7 Nxd7 20. Rd2 Rae8 21. Rxe2 Rxe2 22. Rg1 Nf6 23. Kd1 Re5 24. g4 Nd5 25. Bd2 Ne3+ 26. Bxe3 Rxe3 27. Rf1 d5 28. Kd2 d4 29. c3 c5 30. cxd4 cxd4 31. Kc2 f5 32. gxf5 Kf7 33. Rd1 Rxf3 34. Rxd4 Rxf5 35. Rd7+ Kg8 36. Rxb7 Rxh5 37. Rb6 a5 38. a4 Rg5 39. Rb5 Rg2+ 40. Kb3 g5 41. Rxa5 g4 42. Ra7 g3 43. Rc7 Rf2 44. Rc3 g2 45. Rg3+ Kf7 46. a5 h5 47. a6 h4 48. Rg4 Rf3+ 49. Kb4 Rg3 50. Rxg3 hxg3 51. a7 g1=Q 52. a8=Q Qd4+ 53. Kb3 Qd3+ 54. Ka2 Qc4+ 55. b3 Qc2+ 56. Ka3 g2 57. Qb7+ Ke6 58. Qb6+ Kd5 59. Qg1 Qc5+ 0-1


[Site "https://www.chess.com"]

[Event "Titled Tuesday Blitz December 13 Early 2022"]
[White "Lawson, Eric"]
[Black "Tsatsalashvili, Keti"]
[WhiteFideId "2604116"]
[BlackFideId "13603434"]
[WhiteElo "2523"]
[BlackElo "2220"]
[Result "0-1"]
[Round "09"]
[TimeControl "180+1"]
[Date "2022.12.14"]
[WhiteClock "0:00:08"]
[BlackClock "0:00:03"]

1. d4 Nf6 2. Bg5 c5 3. d5 Qb6 4. Nc3 Qxb2 5. Bd2 Qb6 6. e4 d6 7. f4 Nbd7 8. Rb1 Qc7 9. Nf3 a6 10. a4 b6 11. Bc4 g6 12. e5 dxe5 13. fxe5 Nxe5 14. Bf4 Nxf3+ 15. Qxf3 Qd7 16. Nb5 Kd8 17. Nc3 Qg4 18. Qf2 Bg7 19. h3 Qf5 20. g4 Qd7 21. Rxb6 Nxg4 22. Qg3 Nf6 23. Qe3 Nh5 24. Be5 Bxe5 25. Qxe5 f6 26. Qe3 Qc7 27. Rc6 Qg3+ 28. Qxg3 Nxg3 29. Rg1 Nf5 30. Kd2 Nd4 31. Rxc5 Nf3+ 32. Ke3 Nxg1 33. d6 exd6 34. Rc6 Nxh3 35. Nd5 Ke8 36. Nc7+ Ke7 37. Nxa8 Ng5 38. Rc7+ Kd8 39. Ra7 h5 40. Nb6 h4 41. Nxc8 h3 42. Nxd6 Rh4 43. Bxa6 h2 44. Bb5 Re4+ 0-1


[Site "https://www.chess.com"]

[Event "Titled Tuesday Blitz December 13 Early 2022"]
[White "Lazavik, Denis"]
[Black "Putnam, Liam"]
[WhiteFideId "13515110"]
[BlackFideId "30938279"]
[WhiteElo "2484"]
[BlackElo "2082"]
[Result "1-0"]
[Round "09"]
[TimeControl "180+1"]
[Date "2022.12.13"]
[WhiteClock "0:01:33"]
[BlackClock "0:00:07"]

1. d4 Nf6 2. c4 e6 3. Nf3 b6 4. g3 Ba6 5. b3 Bb7 6. Bg2 Bb4+ 7. Bd2 Be7 8. O-O O-O 9. Nc3 d5 10. cxd5 exd5 11. Qb1 Nbd7 12. b4 c6 13. a4 a5 14. b5 c5 15. Rd1 Re8 16. Bf4 Nf8 17. dxc5 Bxc5 18. e3 Ne6 19. Be5 Ng4 20. Qf5 Nh6 21. Qh5 Bf8 22. Nh4 g6 23. Qe2 Nc5 24. Bxd5 Bxd5 25. Rxd5 Qc8 26. Rad1 Rxe5 27. Rxe5 Bg7 28. Nd5 Qh3 29. Nf4 Qc8 30. Red5 Qc7 31. Nf3 Ng4 32. Qc4 Re8 33. Rd7 Qxd7 34. Rxd7 Nxd7 35. Nd5 Nge5 36. Nxe5 Bxe5 37. Qc6 Rd8 38. Nxb6 Nb8 39. Qb7 1-0


[Site "https://www.chess.com"]

[Event "Titled Tuesday Blitz December 13 Early 2022"]
[White "Lehtosaari, Mauri"]
[Black "Petrova, Irina"]
[WhiteFideId "501999"]
[BlackFideId "14124122"]
[WhiteElo "2506"]
[BlackElo "2023"]
[Result "1/2-1/2"]
[Round "09"]
[TimeControl "180+1"]
[Date "2022.12.14"]
[WhiteClock "0:00:44"]
[BlackClock "0:01:46"]

1. d4 d6 2. Nf3 g6 3. Bg5 Bg7 4. c3 Nd7 5. e4 Ngf6 6. Nbd2 e5 7. Bc4 O-O 8. O-O h6 9. Bxf6 Qxf6 10. Re1 c6 11. a4 Nb6 12. Ba2 Be6 13. a5 Nd7 14. Nc4 Bg4 15. dxe5 Nxe5 16. Ncxe5 dxe5 17. h3 Rfd8 18. Qe2 Bxf3 19. Qxf3 Qxf3 20. gxf3 Rd2 21. Rab1 Rad8 22. Kf1 Bf8 23. Re2 a6 24. Rbe1 Bc5 25. Rxd2 Rxd2 26. Re2 Rxe2 27. Kxe2 Kf8 28. b4 Ba7 29. f4 exf4 30. f3 Ke7 31. Kd3 f6 32. Bg8 Kd6 33. Bh7 g5 34. Bf5 c5 35. Kc4 cxb4 36. cxb4 Bf2 37. Bc8 Kc7 38. Bg4 Kd6 39. Bc8 Kc7 40. Bg4 Kd6 41. Bc8 1/2-1/2


[Site "https://www.chess.com"]

[Event "Titled Tuesday Blitz December 13 Early 2022"]
[White "Levine, David"]
[Black "Martin Duque, Jesus"]
[WhiteFideId "2011611"]
[BlackFideId "2208954"]
[WhiteElo "2146"]
[BlackElo "2297"]
[Result "0-1"]
[Round "09"]
[TimeControl "180+1"]
[Date "2022.12.14"]
[WhiteClock "0:00:01"]
[BlackClock "0:02:01"]

1. d4 Nf6 2. c4 b6 3. f3 Ba6 4. e4 e6 5. e5 Bb4+ 6. Bd2 Bxd2+ 7. Nxd2 Ng8 8. f4 Ne7 9. Ngf3 O-O 10. Bd3 d5 11. Qc2 h6 12. Rc1 Nbc6 13. a3 dxc4 14. Bxc4 Bxc4 15. Qxc4 Rc8 16. Ne4 Na5 17. Qd3 Nd5 18. g3 f5 19. Nf2 c5 20. dxc5 bxc5 21. O-O c4 22. Qe2 Qb6 23. Kg2 Ne3+ 24. Kh3 Nb3 25. Rc3 Nxf1 26. Qxf1 Nd4 27. Nd2 g5 28. Nxc4 g4+ 29. Kg2 Qb7+ 30. Kg1 Nf3+ 31. Rxf3 Rxc4 32. Rd3 Qf3 33. Rxf3 gxf3 34. Qxc4 Rd8 35. h4 Kf8 36. Kh2 Ke8 37. Qc3 Ke7 38. Qxf3 Rd7 39. h5 Rd2 40. g4 fxg4 41. Qg3 Rxb2 42. Kg2 Ra2 43. Kg1 Ra1+ 44. Kg2 Ra2 45. Kf1 a5 46. Nxg4 a4 47. Nf6 Kd8 48. Qg7 Rd2 49. Qf8+ Kc7 50. Qe7+ Kc6 51. Qxe6+ Kc5 52. Qe7+ Kc4 53. Qb4+ Kd3 54. Qxa4 Ke3 55. f5 Kf3 56. Qb3+ Kf4 0-1


[Site "https://www.chess.com"]

[Event "Titled Tuesday Blitz December 13 Early 2022"]
[White "Lewtak, Damian"]
[Black "Morefield, Jason"]
[WhiteFideId "1141724"]
[BlackFideId "30920825"]
[WhiteElo "2629"]
[BlackElo "2773"]
[Result "1-0"]
[Round "09"]
[TimeControl "180+1"]
[Date "2022.12.14"]
[WhiteClock "0:00:33"]
[BlackClock "0:00:03"]

1. e4 c5 2. Nf3 d6 3. Bb5+ Bd7 4. Bxd7+ Nxd7 5. O-O Ngf6 6. Qe2 e6 7. c3 Be7 8. d4 O-O 9. Rd1 cxd4 10. cxd4 d5 11. e5 Ne4 12. Nbd2 Nxd2 13. Bxd2 Rc8 14. Bf4 Qa5 15. h4 Rc6 16. Qe3 Rfc8 17. h5 h6 18. Rd3 Qa6 19. Nh2 Rc2 20. Rad1 Bf8 21. Ng4 Rc1 22. Rxc1 Rxc1+ 23. Kh2 Rc2 24. Rb3 b6 25. Bxh6 gxh6 26. Nxh6+ Kh7 27. Nxf7 Qe2 28. Qg5 Qe4 29. Rf3 Bg7 30. Nd6 Nf8 31. Nxe4 1-0


[Site "https://www.chess.com"]

[Event "Titled Tuesday Blitz December 13 Early 2022"]
[White "Lopez Idarraga, Daniel Eduardo"]
[Black "Maksimenko, Viktor"]
[WhiteFideId "4405501"]
[BlackFideId "13710478"]
[WhiteElo "2064"]
[BlackElo "2277"]
[Result "0-1"]
[Round "09"]
[TimeControl "180+1"]
[Date "2022.12.14"]
[WhiteClock "0:01:55"]
[BlackClock "0:02:30"]

1. b3 d5 2. Bb2 Bg4 3. g3 e6 4. Bg2 Nd7 5. Nf3 Ngf6 6. O-O h6 7. d3 Be7 8. Nbd2 O-O 9. Qe1 c6 10. e4 a5 11. a4 Re8 12. h3 Bh5 13. g4 Bg6 14. Nh4 Bh7 15. f4 Nxg4 16. Qg3 Bxh4 17. Qxg4 Bf6 18. e5 Bf5 19. Qf3 Be7 20. Kh2 Bf8 21. Rg1 Bc5 22. d4 Bf8 23. Rac1 c5 24. Qe3 Rc8 25. Nf3 b6 26. Nh4 Qxh4 0-1


[Site "https://www.chess.com"]

[Event "Titled Tuesday Blitz December 13 Early 2022"]
[White "Madaminov, Mukhiddin"]
[Black "Gabdrakhmanov, Azat"]
[WhiteFideId "14210703"]
[BlackFideId "34189197"]
[WhiteElo "2799"]
[BlackElo "2647"]
[Result "0-1"]
[Round "09"]
[TimeControl "180+1"]
[Date "2022.12.14"]
[WhiteClock "0:00:05"]
[BlackClock "0:00:09"]

1. d4 Nf6 2. Nc3 d5 3. Bf4 g6 4. Qd2 Bg7 5. O-O-O O-O 6. Bh6 Bxh6 7. Qxh6 c5 8. dxc5 Qa5 9. Nf3 Ng4 10. Qh4 Qxc5 11. e3 Rd8 12. Ne4 Qa5 13. Neg5 h6 14. Nxf7 Kxf7 15. h3 Nf6 16. Qxh6 Bf5 17. Bd3 Nc6 18. Ng5+ Ke8 19. a3 Kd7 20. g4 Rh8 21. Qg7 Rhg8 22. Qf7 Raf8 23. Bxf5+ gxf5 24. Qe6+ Kc7 25. Qxf5 Kb8 26. Ne6 Rc8 27. g5 Ne8 28. Rxd5 Qa6 29. Rhd1 Nd6 30. Qf4 Ka8 31. h4 Qe2 32. R5d2 Qh5 33. b3 a6 34. Kb2 Rh8 35. Rd5 Qxh4 36. Qf3 Qh3 37. Qe2 Qxe6 38. f3 Rhg8 39. e4 Ne5 40. Qe3 Nc6 41. R1d2 Nb5 42. f4 Nd6 43. e5 Nf5 44. Qe4 Ng3 45. Qf3 Nf5 46. c3 Rcf8 47. Qe4 Ng3 48. Qf3 Nf5 49. a4 Nh4 50. Qg3 Ng6 51. Rd7 Nxf4 52. Qe3 Nd5 53. R2xd5 Rd8 54. Rxd8+ Rxd8 55. Rxd8+ Nxd8 56. Qf4 Nf7 57. Qe3 Qxe5 58. Qf2 Nxg5 59. Qf8+ Ka7 60. Qf2+ Kb8 61. Qb6 Qd6 62. Qe3 Ne6 63. b4 Nd8 64. Kb3 e5 65. b5 Qe6+ 66. c4 axb5 67. axb5 Nf7 68. Qc5 Nd6 69. b6 Qe7 70. Qd5 e4 71. c5 Qf7 72. Qxf7 Nxf7 73. Kc4 Ng5 74. Kd4 Kc8 75. Ke3 Kd7 76. Kf4 Kc6 77. Kxg5 e3 78. Kf4 e2 0-1


[Site "https://www.chess.com"]

[Event "Titled Tuesday Blitz December 13 Early 2022"]
[White "Maghsoodloo, Parham"]
[Black "Nakamura, Hikaru"]
[WhiteFideId "12539929"]
[BlackFideId "2016192"]
[WhiteElo "2672"]
[BlackElo "2909"]
[Result "0-1"]
[Round "09"]
[TimeControl "180+1"]
[Date "2022.12.13"]
[WhiteClock "0:00:02"]
[BlackClock "0:00:10"]

1. d4 g6 2. e4 Bg7 3. Nc3 a6 4. a4 d6 5. Bc4 Nc6 6. Be3 Nf6 7. h3 Nxe4 8. Bxf7+ Kxf7 9. Nxe4 Rf8 10. Nf3 Kg8 11. O-O d5 12. Nc5 e5 13. Nxe5 Nxe5 14. dxe5 Bxe5 15. Bd4 Bxd4 16. Qxd4 b6 17. Nd3 c5 18. Qe3 a5 19. Ne5 Bb7 20. Ng4 Qd6 21. Rfe1 h5 22. Ne5 Kg7 23. Nd3 Rae8 24. Qxe8 Rxe8 25. Rxe8 Bc6 26. Re2 c4 27. Ne5 Bb7 28. c3 d4 29. cxd4 Qxd4 30. Rc1 Bd5 31. Kf1 c3 32. bxc3 Qxa4 33. c4 Be6 34. Rb1 h4 35. Rxb6 Bf5 36. Rb5 Qa1+ 37. Re1 Qc3 38. Rd5 a4 39. c5 a3 40. c6 a2 41. Rdd1 Bb1 42. Rd7+ Kh6 43. Ng4+ Kg5 44. Rd5+ Bf5 45. Rdd1 Qxc6 46. Ne3 Qb5+ 47. Kg1 Bb1 48. Rd5+ Qxd5 49. Nxd5 a1=Q 50. Nc3 Qxc3 51. Rxb1 Kf4 52. Rd1 g5 53. Rf1 g4 54. hxg4 h3 55. Kh2 hxg2 56. Kxg2 Qf3+ 57. Kh2 Qxg4 58. Rg1 Qh5+ 59. Kg2 Qe2 60. Rh1 Qg4+ 0-1


[Site "https://www.chess.com"]

[Event "Titled Tuesday Blitz December 13 Early 2022"]
[White "Mazurkiewicz, Michal"]
[Black "Vlassov, Nikolai"]
[WhiteFideId "1124943"]
[BlackFideId "4103360"]
[WhiteElo "2081"]
[BlackElo "2324"]
[Result "0-1"]
[Round "09"]
[TimeControl "180+1"]
[Date "2022.12.14"]
[WhiteClock "0:00:04"]
[BlackClock "0:00:26"]

1. e4 c5 2. Nf3 d6 3. g3 Nc6 4. Bg2 e5 5. O-O f5 6. exf5 Bxf5 7. Nh4 Be6 8. f4 exf4 9. Rxf4 Nf6 10. Nf5 Qd7 11. Ne3 O-O-O 12. c4 Be7 13. Nc3 Rdf8 14. d3 Nd4 15. b4 g5 16. Rf1 h5 17. Ned5 h4 18. Nxe7+ Qxe7 19. Bxg5 hxg3 20. hxg3 Qg7 21. Bh4 Nf5 22. Rxf5 Bxf5 23. bxc5 Ng4 24. c6 Qd4+ 25. Kh1 Nf2+ 26. Kh2 Rxh4+ 27. gxh4 Nxd1 28. cxb7+ Kb8 29. Nb5 Qxa1 30. Nd4 Qxd4 31. c5 Qxh4+ 32. Kg1 Qf2+ 33. Kh2 Rh8# 0-1


[Site "https://www.chess.com"]

[Event "Titled Tuesday Blitz December 13 Early 2022"]
[White "Mendez Fortes, Eduardo Jesus"]
[Black "Goltsev, Dmitry"]
[WhiteFideId "3502376"]
[BlackFideId "24176710"]
[WhiteElo "2307"]
[BlackElo "2327"]
[Result "1-0"]
[Round "09"]
[TimeControl "180+1"]
[Date "2022.12.14"]
[WhiteClock "0:00:16"]
[BlackClock "0:00:16"]

1. e4 e6 2. d4 d5 3. Nd2 c5 4. exd5 exd5 5. Ngf3 Nf6 6. Bb5+ Nc6 7. O-O Be7 8. dxc5 Bxc5 9. Re1+ Be6 10. Nb3 Bb6 11. Nbd4 O-O 12. Nxe6 fxe6 13. Be3 Ne4 14. Bd3 Bxe3 15. Rxe3 Nc5 16. c3 Qf6 17. Qc2 h6 18. Rae1 Rae8 19. Bh7+ Kh8 20. Bg6 Re7 21. b4 Nd7 22. Bd3 e5 23. b5 Na5 24. Qa4 b6 25. c4 e4 26. cxd5 Nc5 27. Qa3 Rff7 28. Bxe4 Nc4 29. Qb4 Nxe3 30. Rxe3 Nxe4 31. Rxe4 Rxe4 32. Qxe4 Re7 33. Qb1 Qc3 34. h3 Rd7 35. Qf5 Qc1+ 36. Kh2 Qc7+ 37. g3 Rf7 38. Qe4 Qe7 39. Ne5 Rxf2+ 40. Kg1 Qf6 41. Ng6+ Kh7 42. Nf4+ Kh8 43. Kxf2 Qb2+ 44. Qe2 Qxb5 45. Qxb5 1-0


[Site "https://www.chess.com"]

[Event "Titled Tuesday Blitz December 13 Early 2022"]
[White "Mitrovic, Darko R"]
[Black "Bongo Akanga Ndjila, Barthelemy"]
[WhiteFideId "927023"]
[BlackFideId "10609431"]
[WhiteElo "2150"]
[BlackElo "1768"]
[Result "1-0"]
[Round "09"]
[TimeControl "180+1"]
[Date "2022.12.14"]
[WhiteClock "0:00:04"]
[BlackClock "0:00:02"]

1. d4 d5 2. Nf3 Nf6 3. g3 Bg4 4. Bg2 e6 5. O-O Be7 6. c4 c6 7. Ne5 Bh5 8. Nc3 Nbd7 9. b3 Nxe5 10. dxe5 Nd7 11. f4 O-O 12. Be3 Bc5 13. Bxc5 Nxc5 14. Qd4 Na6 15. cxd5 cxd5 16. Rac1 Qa5 17. Kf2 Nb4 18. a4 Nc6 19. Qd3 Qc5+ 20. e3 Rfc8 21. Nb5 Qb4 22. Nd6 Rd8 23. Qc3 Qb6 24. Qc5 Qc7 25. b4 Qe7 26. b5 Na5 27. Qc7 Qxc7 28. Rxc7 b6 29. Rfc1 Bg6 30. Bf1 Nb3 31. R1c3 Na5 32. Re7 1-0


[Site "https://www.chess.com"]

[Event "Titled Tuesday Blitz December 13 Early 2022"]
[White "Mkrtchian, Lilit"]
[Black "Begunov, Konstantin"]
[WhiteFideId "13300601"]
[BlackFideId "4118510"]
[WhiteElo "2316"]
[BlackElo "2141"]
[Result "1/2-1/2"]
[Round "09"]
[TimeControl "180+1"]
[Date "2022.12.14"]
[WhiteClock "0:00:02"]
[BlackClock "0:00:30"]

1. Nf3 d5 2. g3 c6 3. Bg2 Bg4 4. O-O Nd7 5. h3 Bh5 6. d4 e6 7. c4 Bd6 8. cxd5 exd5 9. Nh4 Qf6 10. Qb3 O-O-O 11. Nc3 Qxd4 12. Be3 Qb4 13. Qc2 d4 14. Nd5 Qc5 15. Qa4 dxe3 16. Rac1 exf2+ 17. Kh1 Bxe2 18. Rxc5 Nxc5 19. Qxa7 Bxf1 20. Nb6+ Kc7 21. Bxf1 Ne7 22. Qa5 Kb8 23. Qa8+ Kc7 24. Qa5 Bxg3 25. Nd5+ Kd6 26. Nxe7 Bxh4 27. Nf5+ Kd7 28. Qxc5 Bf6 29. Qb6 Kc8 30. Kg2 g6 31. Ne3 Rhe8 32. Nc4 Rd1 33. Qa5 Kb8 34. Kxf2 Bd4+ 35. Kg2 h5 36. Qg5 Ree1 37. Qd8+ Ka7 38. Qa5+ Kb8 39. Qd8+ Ka7 40. Qa5+ Kb8 41. Qd8+ 1/2-1/2


[Site "https://www.chess.com"]

[Event "Titled Tuesday Blitz December 13 Early 2022"]
[White "Mogirzan, Matei-Valeriu"]
[Black "Matinian, Nikita"]
[WhiteFideId "1257455"]
[BlackFideId "24129100"]
[WhiteElo "1733"]
[BlackElo "2422"]
[Result "1-0"]
[Round "09"]
[TimeControl "180+1"]
[Date "2022.12.14"]
[WhiteClock "0:00:12"]
[BlackClock "0:01:34"]

1. e4 c5 2. Nf3 Nc6 3. Bb5 g6 4. b4 cxb4 5. Bb2 Nf6 6. e5 Nd5 7. e6 f6 8. h4 Qb6 9. Bc4 dxe6 10. h5 g5 11. Nxg5 Bd7 12. h6 O-O-O 13. Nf7 Rg8 14. Nxd8 Kxd8 15. Bd3 f5 16. Qf3 Nd4 17. Qh5 Be8 18. Qh4 Rg4 19. Qh2 Nf4 20. f3 Nxg2+ 21. Kd1 Rg6 22. Bxd4 Qxd4 23. Qb8+ Kd7 24. Bb5# 1-0


[Site "https://www.chess.com"]

[Event "Titled Tuesday Blitz December 13 Early 2022"]
[White "Molina Carretero, Daniel"]
[Black "Petrovic, Aleksa"]
[WhiteFideId "32071914"]
[BlackFideId "967629"]
[WhiteElo "2109"]
[BlackElo "2230"]
[Result "1-0"]
[Round "09"]
[TimeControl "180+1"]
[Date "2022.12.14"]
[WhiteClock "0:00:52"]
[BlackClock "0:00:03"]

1. c4 e5 2. g3 f5 3. Bg2 Nf6 4. Nc3 d6 5. d3 g6 6. Rb1 Bg7 7. Bg5 O-O 8. e3 c6 9. Nge2 Qe8 10. Bxf6 Bxf6 11. O-O g5 12. b4 h5 13. d4 g4 14. c5 dxc5 15. dxe5 Bxe5 16. bxc5 h4 17. Nf4 hxg3 18. hxg3 Kg7 19. Qb3 Rh8 20. Rfd1 Bxf4 21. exf4 Na6 22. Qb2 Kg8 23. Re1 Qh5 24. Re5 Bd7 25. Qxb7 Rd8 26. Qxa6 Bc8 27. Qc4+ Kg7 28. Re7+ Kf6 29. Rbe1 Qh2+ 30. Kf1 Qh6 31. R1e6+ Bxe6 32. Qxe6# 1-0


[Site "https://www.chess.com"]